 Dungeon Crawl Stone Soup version 0.18.1-6-gd335043 (webtiles) character file.

17664 Romlok the Commander (level 12, -1/86 HPs)
             Began as a Formicid Venom Mage on May 18, 2016.
             Was a High Priest of Okawaru.
             Slain by a molten gargoyle
             ... wielding a +0 flail
              (17 damage)
             ... in a volcano on May 19, 2016.
             The game lasted 03:48:43 (24414 turns).

Romlok the Commander (Formicid Venom Mage)         Turns: 24414, Time: 03:48:44

Health: -1/86      AC: 11    Str: 13    XL:     12   Next: 85%
Magic:  20/21      EV: 16    Int: 16    God:    Okawaru [*****.]
Gold:   937        SH:  0    Dex: 15    Spells: 3 memorised, 10 levels left

rFire  + . .     SeeInvis +     a - +1 flail (crush)
rCold  x . .     Gourm    .     R - +0 troll leather armour
rNeg   . . .     Faith    .     h - +0 buckler
rPois  .         Spirit   .     (helmet unavailable)
rElec  .         Dismiss  .     C - +0 cloak
rCorr  .         Reflect  .     r - +0 pair of gloves
SustAt .         Harm     .     t - +0 pair of boots
MR     +....                    (no amulet)
Stlth  +.........               z - ring of fire
                                w - ring of flight

@: confused, heroism, finesse, somewhat resistant to hostile enchantments, very
unstealthy
A: permanent stasis, dig shafts and tunnels, four strong arms, antennae 3
a: Dig, Shaft Self, Heroism, Finesse, Renounce Religion, Evoke Flight


You were in a volcano.
You worshipped Okawaru.
Okawaru was extremely pleased with you.
You were not hungry.

You visited 3 branches of the dungeon, and saw 15 of its levels.
You also visited: Ossuary and Volcano.

You collected 937 gold pieces.

Inventory:

Hand Weapons
 a - a +1 flail of crushing (weapon)
 b - a +0 war axe of flaming
 x - a +2 vampiric whip
Missiles
 q - 2 javelins
 s - 30 tomahawks (quivered)
 y - 3 throwing nets
Armour
 h - a +0 buckler (worn)
 r - a +0 pair of gloves (worn)
 t - a +0 pair of boots (worn)
 C - a +0 cloak (worn)
 R - a +0 troll leather armour (worn)
Jewellery
 w - a ring of flight (left hand)
 z - a ring of fire (right hand)
 Z - an uncursed ring of magical power
Wands
 d - a wand of teleportation (4/9)
 i - a wand of lightning (3/15)
 k - a wand of flame (20/48)
 l - a wand of iceblast (3/15)
 m - a wand of flame (21/48)
 A - a wand of lightning (3/15)
 B - a wand of enslavement (5/24)
 E - a wand of slowing (1/48)
 L - a wand of paralysis (15/24)
 N - a wand of disintegration (11/24)
Scrolls
 f - 7 scrolls of identify
 G - 3 scrolls of amnesia
 H - a scroll of recharging
 I - a scroll of fog
 K - 4 scrolls of fear
 O - a scroll of remove curse
 S - a scroll of enchant armour
Potions
 e - 2 potions of flight
 n - a potion of cancellation
 v - 2 potions of brilliance
Comestibles
 c - 6 bread rations
 g - a beef jerky
 o - 8 fruits
 Y - 2 slices of pizza


   Skills:
 + Level 5.2(10.2) Fighting
 * Level 12.4(17.4) Maces & Flails
 + Level 7.7(12.7) Armour
 + Level 3.1(8.1) Dodging
 - Level 3.0(8.0) Stealth
 + Level 5.0(10.0) Shields
 - Level 2.1 Spellcasting
 - Level 2.0 Conjurations
 - Level 2.7 Translocations
 - Level 2.0 Air Magic
 - Level 5.3 Poison Magic
 - Level 12.7 Invocations


You had 10 spell levels left.
You knew the following spells:

 Your Spells              Type           Power        Failure   Level  Hunger
a - Sting                 Conj/Pois      ##..         8%          1    #......
b - Mephitic Cloud        Conj/Pois/Air  ##......     21%         3    ###....
g - Apportation           Tloc           ##........   10%         1    #......


Dungeon Overview and Level Annotations

Branches:
Dungeon (12/15)            Temple (1/1) D:7            Lair (2/8) D:10
    Orc (0/2) D:11

Altars:
Ashenzari
Cheibriados
Dithmenos
Elyvilon
Fedhas
Gozag
Kikubaaqudgha
Makhleb
Nemelex Xobeh
Okawaru
Pakellas
Qazlal
Ru
Sif Muna
Trog
Vehumet
Xom
Yredelemnul
Zin
The Shining One

Annotations:
D:5 Sigmund
D:8 jedvagenij's ghost, novice DDFi
D:11 exclusion: cyclops


Innate Abilities, Weirdness & Mutations

You are under a permanent stasis effect.
You can dig through walls and to a lower floor.
Your four strong arms can wield two-handed weapons with a shield.
You have a pair of large antennae on your head (SInv).


Message History

* * * LOW HITPOINT WARNING * * *
You are engulfed in flames.
You resist.
* * * LOW HITPOINT WARNING * * *
Drink which item? (? for menu, Esc to quit)
You feel better.
You hit the molten gargoyle.
The molten gargoyle is heavily damaged.
The molten gargoyle blasts magma at you!
The bolt of magma hits you! You partially resist.
* * * LOW HITPOINT WARNING * * *
Drink which item? (? for menu, Esc to quit)
Okay, then.
Evoke which item? (* to show all) (? for menu, Esc to quit)
Okay, then.
Unknown command.
Drink which item? (? for menu, Esc to quit)
You are confused.
You feel invigorated.
The molten gargoyle hits you with a flail!
You die...

#.≈≈≈§§ ##
#.≈{{≈§## ##.
.≈§v{v§§###..
.≈≈§§v§§##..≈
#≈###{##§{≈≈≈
##############≈§
##.'#≈##≈≈≈#'.###
##.##.≈≈≈≈§..##.##
#@###.≈≈..§≈.###.#
#.99## ##.≈≈≈§.##
##. ##.# #.≈≈≈≈.#
## ## ##.≈≈.## #
#.≈≈.# ##..## ####


You could see a molten gargoyle and a gargoyle.

Vanquished Creatures
  A hydra (Lair:1)
  An ogre mage (D:9)
  An unseen horror (D:11)
  A lindwurm (Volcano)
  A manticore (D:12)
  A molten gargoyle (Volcano)
  A spiny frog (Lair:2)
  2 trolls
  4 slime creatures (D:11)
  16 yaks
  A wraith (D:10)
  A wyvern (D:8)
  A basilisk (Lair:1)
  6 hippogriffs
  2 fire elementals (Volcano)
  A hungry ghost (D:9)
  A soldier ant (D:10)
  2 wargs (D:11)
  4 water moccasins
  7 orc warriors
  3 ice beasts
  3 black bears
  An eye of draining (D:8)
  2 sky beasts
  5 phantoms
  5 centaurs
  2 ogres
  3 crocodiles
  4 big kobolds
  10 giant frogs
  A gnoll sergeant (D:10)
  A wyvern zombie (D:9)
  A wyvern skeleton (D:11)
  7 scorpions
  10 wights
  24 killer bees
  6 howler monkeys
  5 crimson imps
  2 centaur zombies
  3 giant frog zombies
  A jelly (D:8)
  A quasit (D:9)
  A wasp zombie (D:10)
  6 hounds
  3 centaur skeletons
  4 giant frog skeletons
  9 orc priests
  13 orc wizards
  2 gnoll shamans (D:6)
  6 iguanas
  8 worker ants
  6 sheep
  2 hound skeletons
  25 gnolls
  10 adders
  25 river rats
  3 shadow imps
  An ooze (D:4)
  2 adder zombies (Ossuary)
  3 worms
  3 dart slugs
  3 giant geckos
  50 orcs
  7 giant cockroaches
  2 hobgoblins
  8 jackals
  5 quokkas
  20 bats
  A giant gecko skeleton (D:5)
  A giant gecko zombie (D:5)
  4 giant newts
  11 goblins
  8 hobgoblin zombies (Ossuary)
  3 jackal zombies (Ossuary)
  23 kobolds
  9 kobold zombies (Ossuary)
  5 orc zombies (Ossuary)
  16 rats
  A plant (D:10)
464 creatures vanquished.

Vanquished Creatures (collateral kills)
  An orc (D:7)
1 creature vanquished.

Vanquished Creatures (others)
  A molten gargoyle (Volcano)
  A fire vortex (Volcano)
  12 fungi
  2 plants (D:10)
16 creatures vanquished.

Grand Total: 481 creatures vanquished

Notes
Turn   | Place    | Note
--------------------------------------------------------------
     0 | D:1      | Romlok the Formicid Venom Mage began the quest for the Orb.
     0 | D:1      | Reached XP level 1. HP: 13/13 MP: 3/3
   401 | D:1      | Reached skill level 1 in Fighting
   401 | D:1      | Reached skill level 1 in Maces & Flails
   401 | D:1      | Reached XP level 2. HP: 21/21 MP: 1/5
   796 | D:1      | Reached XP level 3. HP: 25/27 MP: 3/6
   804 | D:1      | Learned a level 3 spell: Mephitic Cloud
  1188 | D:2      | Reached skill level 1 in Shields
  1470 | D:2      | Found a stormy altar of Qazlal.
  1496 | D:2      | Reached XP level 4. HP: 33/33 MP: 4/7
  1828 | D:3      | Found a burning altar of Makhleb.
  2325 | D:3      | Found a blossoming altar of Fedhas.
  2381 | D:3      | Found a basalt altar of Yredelemnul.
  2535 | D:3      | Found a faded altar to an unknown god.
  2768 | D:3      | Reached XP level 5. HP: 32/39 MP: 3/8
  3484 | D:4      | Reached XP level 6. HP: 46/46 MP: 4/9
  3688 | D:4      | Noticed an ogre
  4188 | D:5      | Entered Level 5 of the Dungeon
  4556 | D:4      | Killed an ogre
  4556 | D:4      | Reached XP level 7. HP: 46/52 MP: 8/10
  4612 | D:5      | Noticed Sigmund
  4883 | D:5      | Found a sand-covered staircase.
  4892 | Ossuary  | Entered an ossuary
  4920 | Ossuary  | Learned a level 1 spell: Apportation
  5593 | D:5      | Reached skill level 5 in Maces & Flails
  5801 | D:5      | Found a sacrificial altar of Ru.
  6195 | D:6      | Found an opulent altar of Gozag.
  6691 | D:5      | Reached XP level 8. HP: 60/60 MP: 11/11
  8356 | D:6      | Found a glowing silver altar of Zin.
  8940 | D:6      | Reached XP level 9. HP: 65/65 MP: 7/12
  9065 | D:6      | Noticed a moth of wrath
  9103 | D:6      | Found a bloodstained altar of Trog.
  9702 | D:7      | Found a staircase to the Ecumenical Temple.
  9705 | Temple   | Entered the Ecumenical Temple
  9740 | Temple   | Became a worshipper of Warmaster Okawaru
  9911 | D:7      | Found a snail-covered altar of Cheibriados.
  9939 | D:7      | Reached skill level 10 in Maces & Flails
 10345 | D:7      | Found a shadowy altar of Dithmenos.
 11471 | D:8      | Reached * piety under Okawaru
 11512 | D:8      | Found a glowing golden altar of the Shining One.
 11646 | D:8      | Found a deep blue altar of Sif Muna.
 11917 | D:8      | Reached skill level 1 in Invocations
 12216 | D:8      | Noticed jedvagenij's ghost (novice DDFi)
 12292 | D:8      | Reached XP level 10. HP: 71/71 MP: 0/13
 12338 | D:8      | Reached skill level 1 in Armour
 13504 | D:8      | Reached ** piety under Okawaru
 13940 | D:8      | Gained mutation: You are surrounded by a mild repulsion field (EV +2). [potion of mutation]
 13940 | D:8      | Gained mutation: Scrolls take you a little longer to read. [potion of mutation]
 14039 | D:9      | Reached skill level 5 in Armour
 14058 | D:9      | Found an ancient bone altar of Kikubaaqudgha.
 14505 | D:9      | Noticed an ogre mage
 16305 | D:9      | Killed an ogre mage
 16305 | D:9      | Reached XP level 11. HP: 77/77 MP: 12/15
 16375 | D:9      | Reached *** piety under Okawaru
 16443 | D:10     | Entered Level 10 of the Dungeon
 16725 | D:10     | Found a staircase to the Lair.
 16814 | D:10     | Reached skill level 1 in Conjurations
 16946 | D:10     | Reached skill level 1 in Air Magic
 17269 | D:10     | Noticed a hill giant
 18154 | D:11     | Noticed an unseen horror
 18233 | D:11     | Killed an unseen horror
 18233 | D:11     | Reached **** piety under Okawaru
 18233 | D:11     | Reached skill level 1 in Translocations
 18379 | D:11     | Noticed a cyclops
 18458 | D:11     | Noticed a skeletal warrior
 18587 | D:11     | Noticed a cyclops
 19128 | D:11     | Noticed a skeletal warrior
 19882 | D:11     | Found a staircase to the Orcish Mines.
 20076 | D:11     | Noticed a skeletal warrior
 20261 | D:10     | Reached skill level 10 in Invocations
 20807 | D:11     | Reached ***** piety under Okawaru
 21121 | D:10     | Reached XP level 12. HP: 36/83 MP: 20/20
 21961 | D:12     | Noticed a death knight
 22077 | D:10     | Identified a +0 rod of ignition (12/12) (You found it on level 4 of the Dungeon)
 22104 | Lair:1   | Entered Level 1 of the Lair of Beasts
 22872 | Lair:1   | Noticed a six-headed hydra
 22949 | Lair:1   | Killed a one-headed hydra
 23658 | Lair:2   | Reached skill level 5 in Fighting
 23726 | Lair:2   | Lost mutation: Scrolls take you a little longer to read. [potion of cure mutation]
 23726 | Lair:2   | Lost mutation: You are surrounded by a mild repulsion field (EV +2). [potion of cure mutation]
 23878 | Lair:2   | Found a dark tunnel.
 23886 | Volcano  | Entered a volcano
 24363 | Volcano  | Reached skill level 5 in Shields
 24414 | Volcano  | Slain by a molten gargoyle

Skill      XL: |  1  2  3  4  5  6  7  8  9 10 11 12 |
---------------+-------------------------------------+-----
Fighting       | 1 2 3 4 5 |  5.2
Maces & Flails | 1 2 3 4 6 9 11 12 | 12.4
Shields        | 1 2 3 5 |  5.0
Invocations    | 2 6 11 12 | 12.7
Armour         | 7 |  7.7
Conjurations   | 2 |  2.0
Air Magic      | 2 |  2.0
Translocations | 2 |  2.7
Dodging        | 3 |  3.1
Stealth        | 3 |  3.0
Spellcasting   | |  2.1
Poison Magic   | |  5.3

Action                   |  1- 3 |  4- 6 |  7- 9 | 10-12 || total
-------------------------+-------+-------+-------+-------++-------
Melee: Mace              |    46 |   157 |       |       ||   203
       Unarmed           |     6 |       |       |       ||     6
       Whip              |       |     6 |   803 |  2107 ||  2916
       Flail             |       |       |       |   320 ||   320
       War axe           |       |       |       |     8 ||     8
Throw: Stone             |       |     6 |    39 |    74 ||   119
       Javelin           |       |       |       |     2 ||     2
       Tomahawk          |       |       |       |     3 ||     3
 Cast: Sting             |    33 |    45 |   125 |   104 ||   307
       Mephitic Cloud    |       |       |     1 |     1 ||     2
       Apportation       |       |       |     5 |     3 ||     8
Invok: Heroism           |       |       |       |    30 ||    30
       Finesse           |       |       |       |     2 ||     2
Evoke: Wand              |       |       |     2 |     2 ||     4
  Use: Potion            |     2 |     3 |     2 |     9 ||    16
       Scroll            |     2 |     3 |    10 |     7 ||    22
 Stab: Sleeping          |     5 |     5 |     4 |    11 ||    25
       Distracted        |       |       |       |     1 ||     1
  Eat: Chunk             |     2 |    10 |    24 |    34 ||    70
       Fruit             |       |     6 |     4 |     7 ||    17
       Beef jerky        |       |       |       |     3 ||     3
       Meat ration       |       |       |       |     1 ||     1
Armor: Robe              |    16 |    25 |   113 |       ||   154
       Ring mail         |     1 |       |       |   120 ||   121
       Troll leather arm |       |       |       |   219 ||   219
Dodge: Dodged            |    35 |    99 |   274 |   874 ||  1282
Block: Buckler           |     6 |    28 |   111 |   353 ||   498
